 Dungeon Crawl Stone Soup version 0.26.1-11-gd32895ea62 (webtiles) character file.

Game seed: 16001707788066334833

74 tizbic2 the Grasshopper (level 4, 0/42 HPs)
             Began as a Troll Warper on June 29, 2021.
             Slain by Grinder (6 damage)
             ... while paralysed by Grinder
             ... on level 3 of the Dungeon.
             The game lasted 00:09:34 (1753 turns).

tizbic2 the Grasshopper (Troll Warper)              Turns: 1753, Time: 00:09:35

Health: 0/42       AC:  6    Str: 19    XL:     4   Next: 10%
Magic:  5/5        EV:  1    Int: 10    God:
Gold:   116        SH:  0    Dex:  9    Spells: 3/5 levels left

rFire    . . .     SeeInvis .   n - +2 dagger (flame)
rCold    . . .     Faith    .   (no shield)
rNeg     . . .     Spirit   .   a - +0 robe
rPois    .         Reflect  .   (helmet restricted)
rElec    .         Harm     .   g - scarf {repulsion}
rCorr    .         Rampage  .   (gloves unavailable)
Will     .....                  (boots unavailable)
Stlth    +.........             (no amulet)
HPRegen  0.54/turn              (no ring)
MPRegen  0.09/turn              (no ring)

@: paralysed, repel missiles
A: large, unfitting armour, claws 3, regeneration 1, shaggy fur 1, tough skin 3
a: no special abilities


You were on level 3 of the Dungeon.
You visited 1 branch of the dungeon, and saw 3 of its levels.

You collected 116 gold pieces.

Inventory:

Hand Weapons
 f - a +4 dagger
 n - a +2 dagger of flaming (weapon)
Missiles
 d - 5 boomerangs of dispersal
 e - 117 stones (quivered)
 m - 9 poisoned darts
Armour
 a - a +0 robe (worn)
 g - a scarf of repulsion (worn)
Jewellery
 i - an uncursed ring of flight {unknown}
Scrolls
 b - 3 scrolls of identify {unknown}
 c - a scroll of blinking
 h - a scroll of enchant armour {unknown}
 j - 2 scrolls of remove curse {unknown}
Potions
 l - a potion of lignification {unknown}


   Skills:
 + Level 2.1 Fighting
 * Level 1.8 Short Blades
 + Level 0.8 Throwing
 - Level 2.0 Dodging
 + Level 2.1 Unarmed Combat
 + Level 1.3 Spellcasting
 + Level 2.6 Translocations


You had 3 spell levels left.
You knew the following spells:

 Your Spells              Type           Power        Failure   Level
a - Blink                 Tloc           N/A          17%         2

Your spell library contained the following spells:

 Spells                   Type           Power        Failure   Level
 Gell's Gravitas          Tloc           2%           34%         3
 Lesser Beckoning         Tloc           2%           34%         3
 Teleport Other           Tloc           5%           34%         3
 Passage of Golubria      Tloc           N/A          75%         4


Dungeon Overview and Level Annotations

Branches:
Dungeon (3/15)

Altars:
Elyvilon

Annotations:
D:3 Grinder


Innate Abilities, Weirdness & Mutations

You are too large for most types of armour.
You have claws for hands.
Your natural rate of healing is unusually fast.
You are covered in fur. (AC +1)
You have extremely tough skin. (AC +3)


Message History

* * * LOW HITPOINT WARNING * * *
You writhe in agony.
* * * LOW HITPOINT WARNING * * *
You hit Grinder. You burn Grinder.
Grinder is heavily wounded.
Grinder hits you.
* * * LOW HITPOINT WARNING * * *
You hit Grinder but do no damage.
Grinder is heavily wounded.
Grinder barely misses you. Grinder gestures at you.
You suddenly lose the ability to move!
Grinder gestures at you. You resist with significant effort. Grinder hits you.
* * * LOW HITPOINT WARNING * * *
You writhe in agony.
* * * LOW HITPOINT WARNING * * *
Grinder hits you.
You die...

......######
#............
...........#
#.###########
(......###.# #.# #
.......†...# #.# #
....##.##..## #.# # .
#.##...######.# #
#.#...........#######
#
#........##.>........
#
#.......@......#####.
# #.......5##.#.## #.
# ....#.....###.#.#
##...##
.#####........#.#
....... ##.#######>#
####.## #.# #.# # #.#
#.# #. #. ... #. ....


You could see Grinder.

Vanquished Creatures
  3 adders (D:2)
  An ooze (D:1)
  2 dart slugs (D:1)
  3 leopard geckos
  A ball python (D:1)
  5 bats (D:2)
  2 goblins (D:1)
  5 hobgoblins
  4 jackals (D:2)
  5 kobolds
  3 frilled lizards
  A rat (D:1)
35 creatures vanquished.

Notes
Turn   | Place    | Note
-------+----------+-------------------------------------------
     0 | D:1      | tizbic2 the Troll Warper began the quest for the Orb.
     0 | D:1      | Reached XP level 1. HP: 19/19 MP: 1/1
   134 | D:1      | Reached XP level 2. HP: 28/28 MP: 2/2
   339 | D:1      | Reached skill level 1 in Short Blades
   373 | D:1      | Learned a level 2 spell: Blink
   681 | D:2      | Reached XP level 3. HP: 35/35 MP: 3/3
  1034 | D:2      | Found a white marble altar of Elyvilon.
  1106 | D:2      | Reached XP level 4. HP: 42/42 MP: 5/5
  1278 | D:3      | Noticed Grinder
  1719 | D:3      | Paralysed by Grinder for 3 turns
  1749 | D:3      | Paralysed by Grinder for 7 turns
  1753 | D:3      | Slain by Grinder

Illustrated notes

Levels and vault maps discovered:
D:1:      minmay_arrival_glassed_features, layout_basic, kennysheep_boxes
D:2:      layout_loops_ring, minmay_misc_feat_tower, corexii_shack,
          elyvilon_altar_5
D:3:      layout_loops_ring, uniq_robin, uniq_grinder

Skill      XL: |  1  2  3 |
---------------+----------+-----
Dodging        | 2 |  2.0
Short Blades   | 1 |  1.8
Fighting       | 2 |  2.1
Throwing       | |  0.8
Unarmed Combat | |  2.1
Spellcasting   | |  1.3
Translocations | |  2.6

Action                   |  1- 3 |  4- 6 || total
-------------------------+-------+-------++-------
Melee: Dagger            |   100 |    31 ||   131
       Unarmed           |     1 |       ||     1
Throw: Stone             |     1 |       ||     1
 Cast: Blink             |     5 |       ||     5
  Use: Potion            |       |     1 ||     1
Armor: Robe              |    57 |     6 ||    63
Dodge: Dodged            |    79 |     8 ||    87
